 Dungeon Crawl Stone Soup version 0.26-a0-835-g8259106e14 (webtiles) character file.

Game seed: 4612892706044162376

38766 ringo67 the Unseen (level 13, -1/66 (67) HPs)
             Began as a Spriggan Enchanter on Nov 17, 2020.
             Was a High Priest of Kikubaaqudgha.
             Slain by a blink frog (13 damage)
             ... on level 6 of the Lair of Beasts on Nov 18, 2020.
             The game lasted 01:11:45 (24485 turns).

ringo67 the Unseen (Spriggan Enchanter)            Turns: 24485, Time: 01:11:45

HP:   -1/66 (67)    AC:  5    Str:  6    XL:     13   Next: 65%
MP:   32/32         EV: 47    Int: 23    God:    Kikubaaqudgha [*****.]
Gold: 1131          SH:  0    Dex: 20    Spells: 4/24 levels left

rFire    . . .     SeeInvis +   a - +4 dagger (pain)
rCold    . . .     Faith    .   (shield restricted)
rNeg     . . .     Spirit   .   t - +0 robe
rPois    +         Reflect  .   A - +0 hat {Int+3}
rElec    .         Harm     .   T - +2 cloak "Toroedgh" {MR+ Str+2}
rCorr    +         Rampage  .   (gloves unavailable)
MR       +++..                  (boots unavailable)
Stlth    +++++++...             x - amulet of the acrobat
HPRegen  0.21/turn              D - ring of the Albatross {rPois MP+9 Int+2 Slay+3}
MPRegen  0.23/turn              U - ring of resist corrosion

@: acrobat, very quick
A: very small, unfitting armour, see invisible, speed 3
a: Receive Corpses, Torment, Renounce Religion


You were on level 6 of the Lair of Beasts.
You worshipped Kikubaaqudgha.
Kikubaaqudgha was extremely pleased with you.
You visited 3 branches of the dungeon, and saw 17 of its levels.
You also visited: Bailey.

You collected 1131 gold pieces.

Inventory:

Hand Weapons
 a - a +4 dagger of pain (weapon)
 b - a +1 falchion of holy wrath
 p - a +0 dagger of electrocution
 v - a +1 dagger
Missiles
 w - 19 poisoned darts (quivered)
 B - a throwing net
Armour
 t - a +0 robe (worn)
 A - a +0 hat of intelligence (worn)
 G - a scarf of shadows
 T - the +2 cloak "Toroedgh" (worn) {MR+ Str+2}
   (You found it on level 5 of the Lair of Beasts)

   It affects your strength (+2).
   It affects your resistance to hostile enchantments.
Jewellery
 q - an uncursed ring of ice
 u - an uncursed ring of flight
 x - an amulet of the acrobat (around neck)
 y - an uncursed ring of protection from cold
 D - the ring of the Albatross (left hand) {rPois MP+9 Int+2 Slay+3}
   (You took it off an orc on level 9 of the Dungeon)

   [ring of magical power]

   It affects your intelligence (+2).
   It affects your accuracy and damage with ranged weapons and melee attacks
   (+3).
   It protects you from poison.
   It affects your magic capacity (+9).
 U - a ring of resist corrosion (right hand)
Wands
 z - a wand of digging (3)
 C - a wand of polymorph (15)
 H - a wand of iceblast (12)
 J - a wand of random effects (61)
 L - a wand of flame (31)
 Q - a wand of acid (13)
 R - a wand of paralysis (15)
 X - a wand of disintegration (4)
Scrolls
 c - 2 scrolls of vulnerability
 d - 6 scrolls of blinking
 i - 4 scrolls of identify
 l - 9 scrolls of magic mapping
 n - 19 scrolls of remove curse
 r - 8 scrolls of teleportation
 s - 2 scrolls of amnesia
 F - 3 scrolls of fog
 M - a scroll of fear
 N - 3 scrolls of enchant weapon
 O - 2 scrolls of summoning
 W - a scroll of enchant armour {unknown}
Potions
 e - 4 potions of lignification
 f - 4 potions of flight
 g - 3 potions of cancellation
 h - a potion of magic
 j - 3 potions of haste
 k - 7 potions of curing
 m - a potion of brilliance
 E - 2 potions of attraction
 K - 2 potions of heal wounds
 P - 2 potions of berserk rage
 S - a potion of mutation
 V - a potion of resistance {unknown}
Miscellaneous
 o - a condenser vane (inert)
 I - a phantom mirror


   Skills:
 + Level 7.4 Fighting
 - Level 8.0 Short Blades
 + Level 14.7 Dodging
 + Level 16.0 Stealth
 - Level 6.3 Spellcasting
 - Level 10.0 Hexes
 + Level 9.3 Necromancy
 - Level 2.0 Ice Magic
 - Level 7.1 Evocations


You had 4 spell levels left.
You knew the following spells:

 Your Spells              Type           Power        Failure   Level
a - Ensorcelled Hibernat  Hex/Ice        ####..       5%          2
b - Vampiric Draining     Necr           ######....   3%          3
c - Tukima's Dance        Hex            ######..     3%          3
d - Confusing Touch       Hex            ######..     3%          3
e - Animate Dead          Necr           ######....   8%          4
f - Excruciating Wounds   Necr           ######....   14%         5

Your spell library contained the following spells:

 Spells                   Type           Power        Failure   Level
 Corona                   Hex            ######.      1%          1
 Animate Skeleton         Necr           ######       2%          1
 Pain                     Necr           ####         2%          1
 Sublimation of Blood     Necr           ######....   2%          2
 Corpse Rot               Necr/Air       N/A          8%          2
 Dispel Undead            Necr           ######..     8%          4
 Dazzling Flash           Conj/Hex       ####..       11%         3
 Apportation              Tloc           #.....       22%         1
 Magic Dart               Conj           #...         22%         1
 Shock                    Conj/Air       #...         22%         1
 Fulminant Prism          Conj/Hex       ####......   26%         4
 Searing Ray              Conj           #.....       28%         2
 Swiftness                Air            #.......     28%         2
 Static Discharge         Conj/Air       #.......     45%         3
 Airstrike                Air            #.........   82%         4
 Iskenderun's Mystic Bla  Conj/Tloc      #.......     82%         4
 Summon Lightning Spire   Summ/Air       #.......     82%         4
 Agony                    Necr           ######..     14%         5
 Death Channel            Necr           ######....   47%         6
 Silence                  Hex/Air        ####......   50%         5
 Lightning Bolt           Conj/Air       #.........   98%         5
 Conjure Ball Lightning   Conj/Air       #.........   100%        6
 Tornado                  Air            #.........   100%        9


Dungeon Overview and Level Annotations

Branches:
Dungeon (10/15)            Temple (1/1) D:7            Lair (6/6) D:10
  Swamp (0/4) Lair:2        Snake (0/4) Lair:2        Slime (0/5) Lair:5
 Bailey (visited)
    Orc: D:9-12

Altars:
Ashenzari
Cheibriados
Dithmenos
Fedhas
Gozag
Hepliaklqana
Kikubaaqudgha
Makhleb
Nemelex Xobeh
Okawaru
Ru
Sif Muna
Uskayaw
Vehumet
Yredelemnul
The Shining One
Jiyva

Annotations:
D:9 exclusion: statue
Lair:1 exclusion: 2 oklob plants
Lair:2 exclusion: oklob plant


Innate Abilities, Weirdness & Mutations

You are very small and have problems with some larger weapons.
You are too small for most types of armour.
You have supernaturally acute eyesight. (SInv)
You cover ground extremely quickly.


Message History

You hit the death yak but do no damage.
The death yak writhes in agony.
The death yak is severely wounded.
The death yak gores you but does no damage.
The blink frog completely misses you.
You hit the death yak but do no damage.
The death yak writhes in agony.
The death yak is almost dead.
The death yak completely misses you.
You hit the death yak.
The death yak writhes in agony.
The death yak is almost dead.
The blink frog closely misses you.
You hit the death yak but do no damage.
The death yak is almost dead.
The blink frog blinks!
The death yak gores you!!
* * * LOW HITPOINT WARNING * * *
Unknown command.
The blink frog blinks!
You see here 30 stones.
The blink frog hits you!
You die...
Kikubaaqudgha rasps: "You have failed me!
Welcome... death!"

#.......<...#.####.###........P.
###.........###....######.####..
###......###......# ######..
#.(...####.......# #...#
#.....####.......## #P...
#####.##..........## ##....
##.#............ #.....
##...YY.(......# #)....
#.......F@.....# ##.....
##............## #......
###.............# ###.#....
#...............# ##..#...†.
###............####†........
##.............###.P..[.....
#.#.............##P.........
##.#........................
#.##........................


You could see 2 death yaks and a blink frog.

Vanquished Creatures
  10 hydras
  A two-headed ogre (D:9)
  A death yak (Lair:6)
  Nergalle (Lair:2)
  A cyclops (D:9)
  2 black mambas
  16 elephants (Lair:6)
  2 gargoyles
  12 cane toads
  2 komodo dragons
  12 blink frogs
  3 polar bears
  A dancing weapon (D:9)
  4 slime creatures
  A wraith (D:10)
  4 wyverns
  31 yaks
  3 basilisks
  Menkaure (D:6)
  20 water moccasins
  A sky beast (D:9)
  An ice beast (D:9)
  6 orc warriors
  4 black bears
  2 necrophages
  3 phantoms
  15 wolves
  3 centaurs
  3 ogres
  5 big kobolds
  18 bullfrogs
  A wyvern zombie (D:7)
  A wyvern skeleton (D:9)
  A water moccasin skeleton (D:7)
  4 scorpions
  8 wights
  3 howler monkeys (D:7)
  12 killer bees
  An electric eel (Lair:3)
  A bullfrog zombie (D:9)
  5 hounds
  11 orc wizards
  A bullfrog skeleton (D:9)
  6 orc priests
  4 iguanas
  9 jellies
  2 centaur skeletons
  7 worker ants
  A worker ant zombie (D:6)
  A howler monkey skeleton (D:7)
  15 adders
  A shadow imp (D:9)
  An ufetubus (D:5)
  5 oozes
  An adder zombie (D:5)
  2 adder skeletons
  4 worms
  6 dart slugs
  3 leopard geckos
  48 orcs
  6 bats
  4 giant cockroaches
  4 goblins
  7 hobgoblins
  4 jackals (D:3)
  21 kobolds
  2 quokkas
  A ball python (D:2)
  2 frilled lizards
  A jackal zombie (D:8)
  A quokka skeleton (D:5)
  5 rats
412 creatures vanquished.

Vanquished Creatures (collateral kills)
  A blink frog (Lair:2)
  A yak (Lair:5)
  An orc warrior (D:7)
  A wolf (Lair:6)
  2 wights (D:8)
  A worker ant (D:9)
  3 orcs
10 creatures vanquished.

Vanquished Creatures (others)
  2 bushes
  39 fungi
  45 plants
  8 toadstools (D:6)
94 creatures vanquished.

Grand Total: 516 creatures vanquished

Notes
Turn   | Place    | Note
-------+----------+-------------------------------------------
     0 | D:1      | ringo67 the Spriggan Enchanter began the quest for the Orb.
     0 | D:1      | Reached XP level 1. HP: 9/9 MP: 5/5
   245 | D:1      | Reached XP level 2. HP: 13/13 MP: 6/6
   342 | D:1      | Learned a level 2 spell: Ensorcelled Hibernation
  1009 | D:2      | Reached skill level 5 in Stealth
  1009 | D:2      | Reached XP level 3. HP: 16/16 MP: 1/8
  1549 | D:2      | Reached XP level 4. HP: 21/21 MP: 5/10
  2980 | D:3      | Found an iron altar of Okawaru.
  3042 | D:3      | Noticed an orc warrior
  3173 | D:3      | Reached XP level 5. HP: 24/24 MP: 7/11
  3482 | D:3      | Reached skill level 1 in Ice Magic
  3934 | D:4      | Reached skill level 6 in Stealth
  4114 | D:4      | Reached skill level 5 in Dodging
  4116 | D:4      | Reached skill level 5 in Hexes
  4116 | D:4      | Reached XP level 6. HP: 28/28 MP: 5/13
  4767 | D:4      | Reached XP level 7. HP: 28/32 MP: 15/15
  5074 | D:4      | Reached skill level 7 in Stealth
  5903 | D:4      | Reached skill level 5 in Spellcasting
  6289 | D:4      | Learned a level 3 spell: Tukima's Dance
  6785 | D:3      | Found a faded altar of an unknown god.
  7005 | D:5      | Entered Level 5 of the Dungeon
  7085 | D:4      | Learned a level 3 spell: Confusing Touch
  7594 | D:5      | Reached skill level 8 in Stealth
  7899 | D:5      | Reached XP level 8. HP: 36/36 MP: 17/17
  8687 | D:6      | Reached skill level 9 in Stealth
  9374 | D:6      | Found a blossoming altar of Fedhas.
  9422 | D:6      | Noticed Menkaure
  9474 | D:6      | Killed Menkaure
  9511 | D:6      | Noticed a slime creature
  9511 | D:6      | Noticed a slime creature
  9511 | D:6      | Noticed a slime creature
  9541 | D:6      | Reached XP level 9. HP: 37/39 MP: 7/19
  9639 | D:6      | Reached skill level 10 in Stealth
 10390 | D:7      | Reached skill level 11 in Stealth
 10431 | D:7      | Found a shadowy altar of Dithmenos.
 10461 | D:7      | Reached skill level 5 in Short Blades
 10461 | D:7      | Reached skill level 10 in Dodging
 10598 | D:7      | Found a burning altar of Makhleb.
 11107 | D:7      | Found a staircase to the Ecumenical Temple.
 11114 | Temple   | Entered the Ecumenical Temple
 11227 | Temple   | Became a worshipper of Kikubaaqudgha
 11360 | D:7      | Found a glowing golden altar of the Shining One.
 11704 | D:8      | Reached skill level 1 in Evocations
 11731 | D:8      | Found a flagged portal.
 11740 | Bailey   | Entered a bailey
 11830 | D:8      | Reached skill level 1 in Necromancy
 11880 | D:8      | Reached XP level 10. HP: 44/44 MP: 2/20
 12052 | D:8      | Found an iron altar of Okawaru.
 12328 | D:8      | Reached * piety under Kikubaaqudgha
 12328 | D:8      | Identified Kikubaaqudgha's Disquisition on Evil Magic
                  | (Kikubaaqudgha gifted it to you on level 8 of the Dungeon)
 12328 | D:8      | Received a gift from Kikubaaqudgha
 12470 | D:8      | Found a sparkling altar of Nemelex Xobeh.
 12763 | D:9      | Reached skill level 12 in Stealth
 12838 | D:9      | Found a shimmering blue altar of Sif Muna.
 13339 | D:9      | Identified the +2 robe of Zasy {rF+++ Int+6 Stlth-}
 13341 | D:9      | Identified the +6 halberd "Cuseugei" {vorpal, Fragile
                  | +Blink Dex+4 Stlth+}
 13341 | D:9      | Identified the ring of the Albatross {rPois MP+9 Int+2
                  | Slay+3}
 13699 | D:9      | Noticed a cyclops
 13712 | D:9      | Killed a cyclops
 13713 | D:9      | Noticed a gargoyle
 13725 | D:9      | Killed a gargoyle
 14038 | D:9      | Noticed a two-headed ogre
 14470 | D:9      | Found a radiant altar of Vehumet.
 14547 | D:9      | Reached ** piety under Kikubaaqudgha
 14609 | D:9      | Found a sacrificial altar of Ru.
 14636 | D:9      | Killed a two-headed ogre
 14768 | D:9      | Reached skill level 13 in Stealth
 14925 | D:10     | Entered Level 10 of the Dungeon
 15218 | D:10     | Reached XP level 11. HP: 40/46 MP: 19/21
 15833 | D:10     | Learned a level 3 spell: Vampiric Draining
 15838 | D:10     | Learned a level 4 spell: Animate Dead
 15946 | D:10     | Found a staircase to the Lair.
 16262 | Lair:1   | Entered Level 1 of the Lair of Beasts
 16357 | Lair:1   | Reached skill level 1 in Fighting
 16367 | Lair:1   | Reached skill level 10 in Hexes
 16376 | Lair:1   | Reached *** piety under Kikubaaqudgha
 16376 | Lair:1   | Identified Kikubaaqudgha's Disquisition on Necromancy
                  | (Kikubaaqudgha gifted it to you on level 1 of the Lair of
                  | Beasts)
 16376 | Lair:1   | Received a gift from Kikubaaqudgha
 16508 | Lair:1   | Noticed an oklob plant
 16508 | Lair:1   | Noticed an oklob plant
 16570 | Lair:1   | Reached skill level 5 in Necromancy
 17069 | Lair:1   | Noticed a four-headed hydra
 17075 | Lair:1   | Killed a four-headed hydra
 17455 | Lair:1   | Reached skill level 5 in Evocations
 17668 | Lair:2   | Found a staircase to the Snake Pit.
 17682 | Lair:2   | Found a staircase to the Swamp.
 17687 | Lair:2   | Noticed Nergalle
 17694 | Lair:2   | Killed Nergalle
 17754 | Lair:2   | Reached XP level 12. HP: 57/57 MP: 22/22
 17827 | Lair:2   | Found a shimmering blue altar of Sif Muna.
 17962 | Lair:2   | Reached **** piety under Kikubaaqudgha
 18474 | Lair:2   | Reached skill level 5 in Fighting
 19269 | Lair:3   | Noticed an eight-headed hydra
 19312 | Lair:3   | Killed an eight-headed hydra
 19606 | Lair:4   | Noticed a six-headed hydra
 19611 | Lair:4   | Killed a six-headed hydra
 19670 | Lair:4   | Reached skill level 14 in Stealth
 19875 | Lair:4   | Learned a level 5 spell: Excruciating Wounds
 19909 | Lair:4   | Noticed an eight-headed hydra
 19922 | Lair:4   | Killed an eight-headed hydra
 21241 | Lair:5   | Noticed an eight-headed hydra
 21248 | Lair:5   | Killed an eight-headed hydra
 21323 | Lair:5   | Reached XP level 13. HP: 57/64 MP: 10/23
 21646 | Lair:5   | Identified the Papyrus of the Compass
 21762 | Lair:5   | Reached ***** piety under Kikubaaqudgha
 21814 | Lair:5   | Found a viscous altar of Jiyva.
 21814 | Lair:5   | Found a staircase to the Slime Pits.
 21840 | Lair:5   | Got a brightly glowing cloak
 21841 | Lair:5   | Identified the +2 cloak "Toroedgh" {MR+ Str+2} (You found
                  | it on level 5 of the Lair of Beasts)
 22006 | Lair:5   | Reached skill level 15 in Stealth
 22026 | Lair:5   | Found a sparkling altar of Nemelex Xobeh.
 22260 | Lair:6   | Entered Level 6 of the Lair of Beasts
 24271 | Lair:6   | Reached skill level 16 in Stealth
 24485 | Lair:6   | Slain by a blink frog

Illustrated notes

Levels and vault maps discovered:
D:1:      dpeg_arrival_chambers_temple_mockup, layout_loops_ring,
          minmay_pentomino_o2
D:2:      layout_basic
D:3:      layout_rooms, lemuel_doored_altar, chequers_ecumenical_altar_grove
D:4:      layout_loops_ring, kennysheep_opposing_triangles
D:5:      layout_basic
D:6:      cheibrodos_fertilizer, layout_rooms, kennysheep_little_box,
          kb_lookout_dungeons_type, uniq_menkaure
D:7:      layout_basic, nicolae_overflow_hidden_temple,
          minmay_temple_entry_nine_rooms, basic_altar, tso_altar
D:8:      wander_river, layout_loops_ring, general_overflow_altar,
          enter_bailey_2, okawaru_ov_weapons_minmay
D:9:      minmay_the_grid_square_5x5_3x3
          [minmay_the_grid_square_5x5_eight_small,
          minmay_the_grid_square_5x5_three,
          minmay_the_grid_square_5x5_beaten_path,
          minmay_the_grid_square_5x5_mess,
          minmay_the_grid_square_5x5_megaprize_diamond,
          minmay_the_grid_square_5x5_minivault,
          minmay_the_grid_square_5x5_detours, minmay_the_grid_square_5x5_v,
          minmay_the_grid_square_5x5_inner_v], layout_basic,
          kennysheep_mini_moat, vehumet_statue, basic_altar
D:10:     layout_basic, david_lair_generic
Temple:   regret_index_temple_sphere_string
Lair:1:   layout_small_grid, lemuel_fruit_fields, minmay_lair_oklob_chamber
Lair:2:   layout_regular_city, swamp_mist, dummy_snake_entry,
          lemuel_oklob_altar, uniq_nergalle
Lair:3:   layout_gridlike, serial_bayou_lagoon_a, st_stairs_6,
          grunt_megastairs_5
Lair:4:   layout_layer_cave, serial_bayou_shore_b
Lair:5:   layout_misc_corridors, dpeg_slime_entry_enclosed_altar, basic_altar,
          chequers_serial_rivers_micro_e, chequers_serial_rivers_micro_c,
          chequers_serial_rivers_micro_e
Lair:6:   grunt_lair_end_beastmaster, layout_cave_pods

Skill      XL: |  1  2  3  4  5  6  7  8  9 10 11 12 13 |
---------------+----------------------------------------+-----
Spellcasting   | 3 4 5 6 |  6.3
Hexes          | 4 5 6 7 8 9 10 | 10.0
Stealth        | 5 6 8 9 11 13 14 16 | 16.0
Dodging        | 4 5 7 8 10 12 13 14 | 14.7
Ice Magic      | 1 2 |  2.0
Short Blades   | 3 5 7 8 |  8.0
Evocations     | 1 5 7 |  7.1
Necromancy     | 1 3 6 8 9 |  9.3
Fighting       | 4 6 7 |  7.4

Action                   |  1- 3 |  4- 6 |  7- 9 | 10-12 | 13-15 || total
-------------------------+-------+-------+-------+-------+-------++-------
Melee: Dagger            |    86 |   154 |   296 |   343 |   110 ||   989
       Falchion          |       |     4 |    31 |     9 |       ||    44
 Cast: Ensorcelled Hiber |     8 |    51 |   119 |   215 |   117 ||   510
       Tukima's Dance    |       |       |     9 |    10 |       ||    19
       Confusing Touch   |       |       |     9 |    17 |     1 ||    27
       Animate Dead      |       |       |       |     3 |     8 ||    11
       Excruciating Woun |       |       |       |       |     2 ||     2
Evoke: Wand              |       |       |       |       |     1 ||     1
       Condenser vane    |       |       |       |       |     1 ||     1
  Use: Scroll            |       |       |    12 |    16 |     1 ||    29
 Stab: Sleeping          |    19 |    38 |    80 |   149 |    38 ||   324
       Confused          |       |       |     9 |    17 |       ||    26
       Distracted        |       |       |     2 |     7 |     2 ||    11
Armor: Robe              |     8 |    15 |     9 |     1 |     7 ||    40
Dodge: Dodged            |    62 |   152 |   275 |   306 |   184 ||   979
       Rpst.: Falchion   |       |       |    12 |     2 |       ||    14

Table legend: (Time is in decaauts)
 A = Elapsed time spent in this place.
 B = Non-inter-level travel time spent in this place.
 C = Inter-level travel time spent in this place.
 D = Time resting spent in this place.
 E = Time spent auto-exploring this place.
 F = Levels seen in this place.
 G = Mean time per level.
                   A        B        C        D        E       F      G
               +--------+--------+--------+--------+--------+-----+--------+
         Total |  19420 |  19071 |    349 |   7753 |   7552 |  18 | 1078.9 |
       Dungeon |  13102 |  12871 |    231 |   5712 |   4635 |  10 | 1310.2 |
        Temple |     84 |     70 |     14 |      0 |     46 |   1 |   84.0 |
          Lair |   6167 |   6064 |    103 |   1990 |   2870 |   6 | 1027.8 |
        Bailey |     66 |     66 |      0 |     51 |      0 |   1 |   66.0 |
               +--------+--------+--------+--------+--------+-----+--------+

Top non-repeatable levels by time:
     D:3: 2659 daAuts
     D:4: 1649 daAuts
     D:8: 1411 daAuts
  Lair:6: 1396 daAuts
     D:5: 1360 daAuts
  Lair:4: 1354 daAuts
     D:9: 1219 daAuts
     D:6: 1203 daAuts
  Lair:5: 1054 daAuts
    D:10: 1038 daAuts
     D:2: 1026 daAuts
  Lair:1: 1005 daAuts
     D:7: 916 daAuts
  Lair:2: 803 daAuts
     D:1: 617 daAuts
